 Dungeon Crawl Stone Soup version 0.24.0-1-gfbc8707 (webtiles) character file.

Game seed: 3933098423102630376, levelgen mode: deterministic

23 Minkie the Sneak (level 2, -2/19 HPs)
             Began as a Vampire Enchanter on Nov 9, 2019.
             Slain by an adder (4 damage)
             ... on level 3 of the Dungeon.
             The game lasted 00:04:30 (849 turns).

Minkie the Sneak (Vampire Enchanter)                 Turns: 849, Time: 00:04:31

Health: -2/19      AC:  2    Str:  7    XL:     2   Next: 75%
Magic:  5/5        EV: 13    Int: 17    God:
Gold:   42         SH:  0    Dex: 14    Spells: 4/5 levels left

rFire    . . .     SeeInvis +   a - +1 dagger
rCold    . . .     Gourm    .   (no shield)
rNeg     . . .     Faith    .   b - +0 robe
rPois    .         Spirit   .   (no helmet)
rElec    .         Reflect  .   (no cloak)
rCorr    .         Harm     .   (no gloves)
MR       .....                  (no boots)
Stlth    +++.......             (no amulet)
HPRegen  0.26/turn              (no ring)
MPRegen  0.09/turn              (no ring)

@: lethally poisoned (-2 -> -5), regenerating quickly
A: no food, fangs 3, see invisible, unbreathing
a: Exsanguinate


You were on level 3 of the Dungeon.
You were alive.

You visited 1 branch of the dungeon, and saw 4 of its levels.

You collected 42 gold pieces.

Inventory:

Hand Weapons
 a - a +1 dagger (weapon)
Armour
 b - a +0 robe (worn)
Jewellery
 d - an uncursed ring of stealth {unknown}
 e - an uncursed amulet of rage {unknown}
Scrolls
 f - a scroll of enchant weapon {unknown}
 h - a scroll of identify {unknown}
Potions
 c - a potion of flight {unknown}
 g - 2 potions of heal wounds {unknown}


   Skills:
 + Level 1.6 Short Blades
 + Level 2.5 Dodging
 + Level 4.8 Stealth
 + Level 2.2 Spellcasting
 + Level 4.7 Hexes


You had 4 spell levels left.
You knew the following spells:

 Your Spells              Type           Power        Failure   Level  Hunger
a - Corona                Hex            ###....      2%          1    N/A

Your spell library contained the following spells:

 Spells                   Type           Power        Failure   Level  Hunger
 Confuse                  Hex            ###.....     9%          3    N/A
 Tukima's Dance           Hex            ###.....     9%          3    N/A
 Ensorcelled Hibernation  Hex/Ice        ##....       11%         2    N/A
 Dazzling Spray           Conj/Hex       ##....       22%         3    N/A

Dungeon Overview and Level Annotations

Branches:
Dungeon (4/15)
 Temple: D:4-7

Altars:


Innate Abilities, Weirdness & Mutations

You do not eat.
Your natural rate of healing is unusually fast.
You have razor-sharp teeth.
You have supernaturally acute eyesight. (SInv)
You can survive without breathing.


Message History

You feel sick. The adder misses you. The adder closely misses you.
You feel sick. The adder bites you.
You feel sick.
There is an escape hatch in the ceiling here.
The adder misses you. The adder barely misses you. x2
The adder bites you but does no damage. A mysterious force pulls you upwards.
The hatch slams shut behind you.
A giant cockroach and a goblin come into view.
You feel sick.
The goblin shouts!
You hear an angry hiss.
Found a ration.
Found a stone staircase leading down.
A bat and an adder come into view.
The adder bites you.
* * * LOW HITPOINT WARNING * * *
You are lethally poisoned!
The adder poisons you! The giant cockroach misses you.
* * * LOW HITPOINT WARNING * * *
You feel sick. The adder bites you.
You die...

#.# #. #.## #.
#..# #
##.###...###.#
###......S....
....#..#.#..###.
#.g.>...^.....
#.s.@.....b#
##.SS.##....
#...## # #..##
..... #..####
.... ....%
......


You could see 3 adders, a giant cockroach, a goblin and a bat (sleeping).

Vanquished Creatures
  A leopard gecko (D:1)
  2 giant cockroaches
  2 goblins
  4 hobgoblins
  3 kobolds
  3 bats (D:1)
  A frilled lizard (D:2)
  5 rats
21 creatures vanquished.

Notes
Turn   | Place    | Note
-------+----------+-------------------------------------------
     0 | D:1      | Minkie the Vampire Enchanter began the quest for the Orb.
     0 | D:1      | Reached XP level 1. HP: 13/13 MP: 3/3
   274 | D:2      | Reached XP level 2. HP: 15/19 MP: 5/5
   820 | D:2      | You fall into a shaft and drop 2 floors!
   849 | D:3      | Slain by an adder

Levels and vault maps discovered:
D:1:      eino_arrival_cavern_e, layout_loops_ring
D:2:      layout_basic, cheibriados_altar_1
D:3:      cheibrodos_fertilizer, layout_rooms, gammafunk_temple_overflow_pools
D:4:      layout_cave_pods, uniq_menkaure, uniq_natasha

Action                   || total
-------------------------++-------
Melee: Dagger            ||    86
       Bite              ||     4
 Stab: Sleeping          ||    11
Armor: Robe              ||    12
Dodge: Dodged            ||    57
